 Dungeon Crawl Stone Soup version 0.21.1-1-g345015fe64 (webtiles) character file.

18 Ivernyr the Charmwright (level 2, -2/22 HPs)
             Began as a Demonspawn Skald on Apr 30, 2018.
             Slain by a kobold
             ... wielding a +0 short sword
              (6 damage)
             ... on level 1 of the Dungeon.
             The game lasted 00:01:17 (904 turns).

Ivernyr the Charmwright (Demonspawn Skald)           Turns: 904, Time: 00:01:18

Health: -2/22      AC:  3    Str: 11    XL:     2   Next: 51%
Magic:  1/5        EV: 11    Int: 14    God:
Gold:   0          SH:  4    Dex: 12    Spells: 0/5 levels left

rFire    . . .     SeeInvis .   a - +0 falchion
rCold    . . .     Gourm    .   (no shield)
rNeg     . . .     Faith    .   b - +0 leather armour
rPois    .         Spirit   .   (no helmet)
rElec    .         Reflect  .   (no cloak)
rCorr    .         Harm     .   (no gloves)
MR       .....                  (no boots)
Stlth    +.........             (no amulet)
HPRegen  0.07/turn              (no ring)
MPRegen  0.09/turn              (no ring)

@: singing
A: large bone plates 1
a: no special abilities


You were on level 1 of the Dungeon.
You were not hungry.

You visited 1 branch of the dungeon, and saw 1 of its levels.

Inventory:

Hand Weapons
 a - a +0 falchion (weapon)
Armour
 b - a +0 leather armour (worn)
Scrolls
 f - a scroll of enchant weapon {unknown}
Potions
 e - a potion of heal wounds {unknown}
Books
 c - a book of Battle

   Spells                             Type                      Level
   a - Infusion                       Charms                       1
   b - Shroud of Golubria             Charms/Translocation         2
   c - Song of Slaying                Charms                       2
   d - Spectral Weapon                Hexes/Charms                 3
   e - Regeneration                   Charms/Necromancy            3
Comestibles
 d - a ration


   Skills:
 + Level 2.2 Fighting
 + Level 2.0 Long Blades
 * Level 1.5 Armour
 - Level 1.7 Dodging
 - Level 2.0 Spellcasting
 + Level 2.9 Charms


You couldn't memorise any spells.
You knew the following spells:

 Your Spells              Type           Power        Failure   Level  Hunger
a - Shroud of Golubria    Chrm/Tloc      #.........   26%         2    ###....
b - Song of Slaying       Chrm           #.......     14%         2    ###....
c - Infusion              Chrm           #...         10%         1    ##.....


Dungeon Overview and Level Annotations

Branches:
Dungeon (1/15)

Altars:


Innate Abilities, Weirdness & Mutations

You are partially covered in large bone plates. (SH +4)


Message History

You hit the goblin.
The goblin is heavily wounded.
The goblin barely misses you.
You riposte.
You hit the goblin.
You kill the goblin!
You hit the leopard gecko.
The leopard gecko is severely wounded.
The leopard gecko bites you.
Your shroud falls apart!
The leopard gecko bites you.
* * * LOW HITPOINT WARNING * * *
You hit the leopard gecko.
You kill the leopard gecko!
You miss the frilled lizard. The frilled lizard barely misses you.
You riposte.
You barely miss the frilled lizard. The frilled lizard barely misses you.
You riposte.
You hit the frilled lizard.
You kill the frilled lizard!
You closely miss the kobold. The kobold barely misses you.
The kobold hits you but does no damage.
You miss the kobold. The kobold hits you with a short sword.
You die...

.........P≈
####(##+#.#..##..####
........P≈≈ #.........#..#.....#
.......P≈≈≈ #................(.+
P.....P≈≈≈≈ #..................#
≈P.<.P≈≈≈≈≈ #.).......#..#....##
P.....P≈≈≈≈##.........#........
.......P≈≈≈#.............#.....#
.[......P≈≈#####.##.#.#.##...#.#
.....)...P≈ #@##.#.#.##...#(.
..........P#####K##.....##..#
###.######..................#
#.# #...#.....##.#.##..# #.
#.....##........
#.....##(#.##...
#.......).......
#.###.##l#.##.#. ... ...##.....
#


You could see a kobold.

Vanquished Creatures
  A dart slug (D:1)
  2 leopard geckos (D:1)
  A bat (D:1)
  4 goblins (D:1)
  A hobgoblin (D:1)
  2 kobolds (D:1)
  A frilled lizard (D:1)
12 creatures vanquished.

Notes
Turn   | Place    | Note
-------+----------+-------------------------------------------
     0 | D:1      | Ivernyr the Demonspawn Skald began the quest for the Orb.
     0 | D:1      | Reached XP level 1. HP: 16/16 MP: 3/3
    23 | D:1      | Reached skill level 1 in Armour
   537 | D:1      | Gained mutation: You are partially covered in large bone plates. (SH +4) [demonic ancestry]
   537 | D:1      | Reached XP level 2. HP: 2/22 MP: 3/5
   826 | D:1      | Learned a level 2 spell: Song of Slaying
   829 | D:1      | Learned a level 2 spell: Shroud of Golubria
   904 | D:1      | Slain by a kobold

Skill      XL: |  1  2 |
---------------+-------+-----
Armour         | 1 |  1.5
Long Blades    | 2 |  2.0
Fighting       | |  2.2
Dodging        | |  1.7
Spellcasting   | |  2.0
Charms         | |  2.9

Action                   || total
-------------------------++-------
Melee: Falchion          ||    50
 Cast: Infusion          ||     2
       Shroud of Golubri ||     1
       Song of Slaying   ||     1
Armor: Leather armour    ||    23
Dodge: Dodged            ||    42
Block: Other             ||     4
       Rpst.: Falchion   ||    14
